 Dungeon Crawl Stone Soup version 0.23.2 (webtiles) character file.

Game seed: 7916708795371601770

496 cklessthan3 the Slinger (level 7, -2/46 HPs)
             Began as a Halfling Hunter on Apr 4, 2019.
             Was a Follower of Nemelex Xobeh.
             Slain by FrozenHourglass's ghost (3 damage)
             ... on level 4 of the Dungeon.
             The game lasted 00:06:32 (3020 turns).

cklessthan3 the Slinger (Halfling Hunter)           Turns: 3020, Time: 00:06:32

Health: -2/46      AC:  7    Str: 15    XL:     7   Next: 38%
Magic:  7/7        EV: 14    Int:  9    God:    Nemelex Xobeh [*.....]
Gold:   266        SH:  0    Dex: 15    Spells: 6/6 levels left

rFire    . . .     SeeInvis .   a - +1 hunting sling
rCold    . . .     Gourm    .   (shield restricted)
rNeg     . . .     Faith    .   r - +0 ring mail
rPois    .         Spirit   .   j - +0 helmet
rElec    .         Reflect  .   (no cloak)
rCorr    .         Harm     .   (no gloves)
MR       .....                  k - +0 pair of boots
Stlth    +.........             (no amulet)
HPRegen  0.15/turn              (no ring)
MPRegen  0.10/turn              (no ring)

@: no status effects
A: small, mutation resistance 1
a: Draw Escape, Draw Destruction, Draw Summoning, Renounce Religion


You were on level 4 of the Dungeon.
You worshipped Nemelex Xobeh.
Nemelex Xobeh was aware of your devotion.
You were not hungry.

You visited 1 branch of the dungeon, and saw 4 of its levels.

You collected 266 gold pieces.

Inventory:

Hand Weapons
 a - a +1 hunting sling (weapon)
 b - a +0 short sword
Missiles
 e - 71 stones (quivered)
 t - 11 sling bullets
Armour
 c - a +0 leather armour
 j - a +0 helmet (worn)
 k - a +0 pair of boots (worn)
 r - a +0 ring mail (worn)
Jewellery
 g - an uncursed ring of ice
Scrolls
 d - 2 scrolls of remove curse {unknown}
 h - 7 scrolls of identify {unknown}
 i - 4 scrolls of teleportation {unknown}
 m - 2 scrolls of fog {unknown}
 p - a scroll of random uselessness {unknown}
 s - 2 scrolls of amnesia {unknown}
 w - a scroll of fear {unknown}
 x - 2 scrolls of enchant armour {unknown}
 y - a scroll of blinking {unknown}
Potions
 l - a potion of heal wounds {unknown}
 n - a potion of magic {unknown}
 o - 2 potions of agility {unknown}
 q - a potion of cancellation {unknown}
 u - a potion of mutation {unknown}
 v - 3 potions of curing {unknown}
Comestibles
 f - 6 rations
 z - a chunk of flesh


   Skills:
 + Level 3.2 Fighting
 + Level 10.5 Slings
 + Level 1.0 Armour
 + Level 2.9 Dodging
 + Level 1.1 Stealth


You had 6 spell levels left.
You didn't know any spells.
Your spell library was empty.

Dungeon Overview and Level Annotations

Branches:
Dungeon (4/15)             Temple (0/1) D:4

Altars:
Nemelex Xobeh
Vehumet

Annotations:
D:4 1 transporter, FrozenHourglass's ghost, novice HuMo


Innate Abilities, Weirdness & Mutations

You are small and have problems with some larger weapons.
You are somewhat resistant to further mutation.


Message History

Eat a chunk of flesh? (ye/n/q)
Okay, then.
You eat one of the 7 rations.
That ration really hit the spot!
FrozenHourglass's ghost hits you.
* * * LOW HITPOINT WARNING * * *
Firing (i - inventory. (/) - cycle)
e - 73 stones (quivered)
Press: ? - help, Shift-Dir - straight line, f/p - FrozenHourglass's ghost
Aim: FrozenHourglass's ghost (almost destroyed)
You shoot a stone. The stone hits FrozenHourglass's ghost.
FrozenHourglass's ghost is almost destroyed.
FrozenHourglass's ghost hits you.
* * * LOW HITPOINT WARNING * * *
Firing (i - inventory. (/) - cycle)
e - 72 stones (quivered)
Press: ? - help, Shift-Dir - straight line, f/p - FrozenHourglass's ghost
Aim: FrozenHourglass's ghost (almost destroyed)
You shoot a stone.
The stone closely misses FrozenHourglass's ghost.
FrozenHourglass's ghost hits you.
You die...
Your body disappears without a glow.

.....# .....# .....#
###..# ##.# #.########
#>.......#
#######################
.......# #©....@.....#
..####.####.#..#W#..#.#
..# #....#..##.(.##..#
..# ######..##.(.##..#
..# #.#..#(#..#.# ..#
##.....([....## ..#
############### ..#
#.....©.©.....# ###
######...######


You could see FrozenHourglass's ghost.

Vanquished Creatures
  A phantom (D:4)
  An ogre (D:4)
  A scorpion (D:4)
  A crimson imp (D:4)
  A worker ant (D:4)
  A hound skeleton (D:4)
  Robin (D:2)
  8 adders
  An ooze (D:1)
  A worm (D:2)
  3 dart slugs
  4 leopard geckos
  6 orcs
  5 bats
  6 giant cockroaches
  20 goblins
  7 hobgoblins
  10 jackals
  4 kobolds
  3 quokkas
  A ball python (D:3)
  4 frilled lizards
  4 rats
94 creatures vanquished.

Notes
Turn   | Place    | Note
-------+----------+-------------------------------------------
     0 | D:1      | cklessthan3 the Halfling Hunter began the quest for the
                  | Orb.
     0 | D:1      | Reached XP level 1. HP: 14/14 MP: 1/1
     7 | D:1      | Reached skill level 6 in Slings
    60 | D:1      | Reached XP level 2. HP: 19/19 MP: 2/2
   206 | D:1      | Reached XP level 3. HP: 24/24 MP: 3/3
   262 | D:1      | Reached skill level 7 in Slings
   728 | D:2      | Reached XP level 4. HP: 29/29 MP: 4/4
   978 | D:2      | Noticed Robin
  1002 | D:2      | Killed Robin
  1152 | D:2      | Reached skill level 8 in Slings
  1354 | D:2      | Found a sparkling altar of Nemelex Xobeh.
  1358 | D:2      | Became a worshipper of Nemelex Xobeh the Trickster
  1432 | D:2      | Reached XP level 5. HP: 34/34 MP: 5/5
  1743 | D:3      | Received a gift from Nemelex Xobeh
  2029 | D:3      | Found a radiant altar of Vehumet.
  2381 | D:4      | Reached skill level 9 in Slings
  2381 | D:4      | Reached XP level 6. HP: 41/41 MP: 6/6
  2435 | D:4      | Received a gift from Nemelex Xobeh
  2443 | D:4      | Found a staircase to the Ecumenical Temple.
  2545 | D:4      | Noticed a phantom
  2582 | D:4      | Killed a phantom
  2618 | D:4      | Reached skill level 10 in Slings
  2618 | D:4      | Reached XP level 7. HP: 46/46 MP: 7/7
  2673 | D:4      | Reached * piety under Nemelex Xobeh
  2848 | D:4      | Reached skill level 1 in Armour
  2864 | D:4      | Noticed FrozenHourglass's ghost (novice HuMo)
  2865 | D:4      | Found a transporter.
  2951 | D:4      | Found a transporter.
  3019 | D:4      | HP: 1/46 [FrozenHourglass's ghost (3)]
  3020 | D:4      | Slain by FrozenHourglass's ghost

Skill      XL: |  1  2  3  4  5  6  7 |
---------------+----------------------+-----
Slings         | 6 7 8 9 10 | 10.5
Fighting       | 2 3 |  3.2
Armour         | 1 |  1.0
Dodging        | |  2.9
Stealth        | |  1.1

Action                   |  1- 3 |  4- 6 |  7- 9 || total
-------------------------+-------+-------+-------++-------
 Fire: Hunting sling     |    67 |   248 |    68 ||   383
  Eat: Ration            |       |     1 |     1 ||     2
       Chunk             |       |     1 |     1 ||     2
Armor: Leather armour    |     1 |     6 |       ||     7
       Ring mail         |       |    15 |     8 ||    23
Dodge: Dodged            |     5 |    54 |    13 ||    72
